cohdb
Replays
Latest Replays
All Replays
Popular Replays
Top Player Replays
Match Explorer
How It Works
Community
CoH3 Stats
Reddit
Sign in to upload your games and track your stats! →
Sign in with Steam
Match 44041085
Unlisted
Match 44041085
Overview
Messages
Build Orders
End
Pioneer Squad
Construct Infanterie Kompanie
Selects Breakthrough Battlegroup
Selects Assault Grenadiers
Grenadier Squad
Grenadier Squad
Grenadier Squad
GrW 34 Mortar Team
Selects Breakthrough
Infanterie Officer Quarters
Construct Luftwaffe Kompanie
Flak 30 Anti-aircraft Gun Team
Selects Mechanized Assault Group
Mechanized Assault Group
Support Elements
Wirbelwind Flakpanzer
Selects Rapid Production
Luftwaffe Officer Quarters
Marder III M Tank Destroyer
Grenadier Squad
Selects Blitzkrieg
Side Skirts
Marder III M Tank Destroyer
Wirbelwind Flakpanzer
Selects Tiger Heavy Tank
Grenadier Squad
Tiger Heavy Tank
Grenadier Squad
Grenadier Squad
austintacious
robwarrior
0
0
Comments
sign in to comment!
No comments posted yet!